 Dungeon Crawl Stone Soup version 0.23.1-37-gaa34b87 (webtiles) character file.

Game seed: 885196518817500744

597 sfd the Chopper (level 7, -11/62 HPs)
             Began as a Deep Dwarf Fighter on Mar 20, 2019.
             Was an Initiate of Makhleb.
             Killed by divine providence
             ... invoked by an orc priest
              (13 damage)
             ... on level 4 of the Dungeon.
             The game lasted 00:07:39 (3337 turns).

sfd the Chopper (Deep Dwarf Fighter)                Turns: 3337, Time: 00:07:41

Health: -11/62     AC:  7    Str: 21    XL:     7   Next: 17%
Magic:  0/0        EV:  6    Int:  9    God:    Makhleb [......]
Gold:   101        SH:  7    Dex: 12    Spells: 10/10 levels left

rFire    . . .     SeeInvis .   a - +0 war axe
rCold    + . .     Gourm    .   c - +0 shield
rNeg     . . .     Faith    .   b - +0 scale mail
rPois    .         Spirit   .   j - +0 helmet
rElec    .         Reflect  .   (no cloak)
rCorr    .         Harm     .   (no gloves)
MR       +....                  (no boots)
Stlth    +.........             o - amulet of inaccuracy (curse)
HPRegen  0.00/turn              p - ring of protection from cold
MPRegen  0.07/turn              h - ring of stealth

@: non-regenerating, extremely drained
A: damage resistance, heal wounds, sense surroundings 1, no regeneration
a: Heal Wounds, Renounce Religion


You were on level 4 of the Dungeon.
You worshipped Makhleb.
Makhleb was noncommittal.
You were not hungry.

You visited 1 branch of the dungeon, and saw 4 of its levels.

You collected 151 gold pieces.
You spent 50 gold pieces at shops.

Inventory:

Hand Weapons
 a - a +0 war axe (weapon)
Armour
 b - a +0 scale mail (worn)
 c - a +0 shield (worn)
 j - a +0 helmet (worn)
Jewellery
 e - a +1 ring of evasion
 h - a ring of stealth (right hand)
 o - a cursed amulet of inaccuracy (around neck)
 p - a ring of protection from cold (left hand)
 t - an uncursed ring of magical power {unknown}
Scrolls
 g - a scroll of noise
 k - 4 scrolls of identify
 l - a scroll of enchant weapon
 u - a scroll of amnesia {unknown}
Potions
 d - 2 potions of might
 i - a potion of invisibility {unknown}
 m - a potion of magic {unknown}
 n - a potion of mutation {unknown}
 q - a potion of curing
 r - a potion of brilliance {unknown}
 s - 2 potions of lignification {unknown}
 v - a potion of haste {unknown}
 w - a potion of heal wounds
Comestibles
 f - 9 rations


   Skills:
 + Level 3.2(0.0) Fighting
 * Level 6.1(0.0) Axes
 + Level 4.2(0.0) Armour
 + Level 1.6(0.0) Dodging
 + Level 0.1(0.0) Stealth
 + Level 4.5(0.0) Shields
 * Level 2.2(0.0) Spellcasting


You had 10 spell levels left.
You didn't know any spells.
Your spell library was empty.

Dungeon Overview and Level Annotations

Branches:
Dungeon (4/15)
 Temple: D:4-7

Altars:
Ashenzari
Makhleb
Okawaru
Trog
Vehumet
Yredelemnul

Shops:
D:4 *


Innate Abilities, Weirdness & Mutations

You are resistant to damage.
You can heal yourself by infusing magical energy.
You passively map a small area around you.
You do not regenerate.


Message History

The orc priest looks encouraged for a moment.
You block the jackal's attack.
You see here a tomahawk.
The orc wizard casts a spell at you. The magic dart hits you.
* * * LOW HITPOINT WARNING * * *
You block the jackal's attack.
You miss the jackal.
The jackal is moderately wounded.
The jackal barely misses you.
The jackal bites you but does no damage.
You miss the jackal.
The jackal is moderately wounded.
The jackal bites you. You block the jackal's attack.
You closely miss the jackal. The jackal bites you.
* * * LOW HITPOINT WARNING * * *
You block the jackal's attack.
The orc priest invokes the aid of Beogh against you.
Beogh smites you!
You die...

, *#........# ,
#....<...#
.###....#####
.....##.## ###......#
###### *,*
##....#..######....# ,
#..##....>....#....# .
*##.###....####......#
##.
,.........oh@........#
...#*
#.###..[o######....#
....###.####...#
#...∩# #.......###(..#
#....# #...#.)......##
#....# #..)†)..%....#*
###### *
##.#.####.....#
#......))..#....... *
#....>.....#####.#.. ,


You could see an orc priest, an orc wizard and a jackal.

Vanquished Creatures
  A sky beast (D:4)
  An ogre (D:4)
  3 hounds
  An orc priest (D:4)
  An orc wizard (D:4)
  Natasha (thrice) (D:2)
  Robin (D:2)
  3 gnolls (D:3)
  2 adders (D:2)
  An ooze (D:1)
  4 worms (D:2)
  3 dart slugs (D:1)
  5 leopard geckos
  4 orcs (D:4)
  A ball python (D:3)
  3 giant cockroaches (D:2)
  18 hobgoblins
  7 jackals
  15 kobolds
  A quokka (D:2)
  5 bats
  5 frilled lizards
  14 goblins
  A jackal skeleton (D:3)
  17 rats
120 creatures vanquished.

Notes
Turn   | Place    | Note
-------+----------+-------------------------------------------
     0 | D:1      | sfd the Deep Dwarf Fighter began the quest for the Orb.
     0 | D:1      | Reached XP level 1. HP: 20/20 MP: 1/1
   156 | D:1      | Reached XP level 2. HP: 25/27 MP: 3/3
   269 | D:1      | Reached skill level 1 in Spellcasting
   295 | D:1      | You fall through a shaft!
   295 | D:2      | Found a basalt altar of Yredelemnul.
   310 | D:2      | Reached XP level 3. HP: 21/33 MP: 4/4
   335 | D:2      | Found a shattered altar of Ashenzari.
   405 | D:2      | Noticed Natasha
   438 | D:2      | Killed Natasha
   438 | D:2      | Reached skill level 3 in Axes
   574 | D:2      | Reached XP level 4. HP: 37/40 MP: 2/2
   656 | D:2      | Found an iron altar of Okawaru.
   656 | D:2      | Found a bloodstained altar of Trog.
   719 | D:2      | Noticed Robin
   753 | D:2      | Killed Robin
   758 | D:2      | Reached skill level 4 in Axes
   770 | D:2      | Reached XP level 5. HP: 30/48 MP: 4/4
   797 | D:2      | Found a radiant altar of Vehumet.
  1441 | D:2      | Noticed Natasha
  1451 | D:2      | Killed Natasha
  1984 | D:2      | Noticed Natasha
  1991 | D:2      | Killed Natasha
  1991 | D:2      | Reached skill level 5 in Axes
  2224 | D:3      | Reached XP level 6. HP: 30/56 MP: 5/5
  2623 | D:3      | Found a burning altar of Makhleb.
  2643 | D:3      | Became a worshipper of Makhleb the Destroyer
  3086 | D:4      | Noticed a sky beast
  3088 | D:4      | Found Naytsek's General Store.
  3148 | D:4      | Killed a sky beast
  3148 | D:4      | Reached skill level 1 in Dodging
  3160 | D:4      | Bought a potion of heal wounds for 50 gold pieces
  3201 | D:4      | Reached skill level 6 in Axes
  3263 | D:4      | Reached XP level 7. HP: 37/62 MP: 2/2
  3331 | D:4      | HP: 3/62 [orc wizard/magic dart (3)]
  3337 | D:4      | HP: 2/62 [jackal (1)]
  3337 | D:4      | Killed from afar by an orc priest

Skill      XL: |  1  2  3  4  5  6 |
---------------+-------------------+-----
Spellcasting   | 1 2 |  2.2
Axes           | 3 4 5 6 |  6.1
Fighting       | 3 |  3.2
Shields        | 4 |  4.5
Armour         | 4 |  4.2
Dodging        | 1 |  1.6
Stealth        | |  0.1

Action                   |  1- 3 |  4- 6 |  7- 9 || total
-------------------------+-------+-------+-------++-------
Melee: War axe           |   130 |   449 |    57 ||   636
 Abil: Heal Wounds       |     5 |     9 |     6 ||    20
  Use: Scroll            |       |     2 |       ||     2
  Eat: Chunk             |       |     8 |       ||     8
       Ration            |       |       |     1 ||     1
Armor: Scale mail        |    54 |   211 |   158 ||   423
Dodge: Dodged            |    52 |   146 |    96 ||   294
Block: Shield            |    68 |   225 |   105 ||   398
